 Dungeon Crawl Stone Soup version 0.30-a0-879-ga8ba668304 (webtiles) character file.

Game seed: 385812826118129981

648 gelatine the Chopper (level 7, -2/52 HPs)
             Began as a Demonspawn Gladiator on Mar 13, 2023.
             Slain by Duvessa
             ... wielding a +0 short sword
              (6 damage)
             ... on level 4 of the Dungeon.
             The game lasted 00:10:54 (3046 turns).

gelatine the Chopper (Demonspawn Gladiator)         Turns: 3046, Time: 00:10:54

Health: -2/52      AC:  9    Str: 17    XL:     7   Next: 27%
Magic:  7/7        EV: 18    Int:  9    God:
Gold:   133        SH: 11    Dex: 14    Spells: 6/6 levels left

rFire   + . .      SeeInvis +    a - +0 war axe
rCold   . . .      Faith    .    (no shield)
rNeg    . . .      Spirit   .    g - +3 leather armour
rPois   .          Reflect  +    c - +0 helmet
rElec   .          Rampage  .    (no cloak)
rCorr   .                        q - +1 pair of gloves
Will    .....                    (no boots)
Stlth   +                        i - amulet of reflection
HPRegen 0.28/turn                J - ring of protection from fire
MPRegen 0.10/turn                C - ring of see invisible

@: agile
A: large bone plates 2, powered by pain 1, weakness stinger 1
a: no special abilities


You were on level 4 of the Dungeon.
You visited 1 branch of the dungeon, and saw 4 of its levels.

You collected 175 gold pieces.
You spent 42 gold pieces at shops.

Inventory:

Hand Weapons
 a - a +0 war axe (weapon)
 F - a +1 flail of protection
 I - a +4 club
Missiles
 w - 3 poisoned darts (quivered)
 y - a javelin
 z - 2 throwing nets
Armour
 c - a +0 helmet (worn)
 f - a +2 robe of cold resistance
 g - a +3 leather armour (worn)
 q - a +1 pair of gloves (worn)
Magical Staves
 t - a staff of air
Jewellery
 i - an amulet of reflection (around neck)
 n - an amulet of regeneration
 A - a +6 ring of intelligence
 C - a ring of see invisible (right hand)
 J - a ring of protection from fire (left hand)
Wands
 d - a wand of paralysis (4)
 e - a wand of roots (3)
 H - a wand of digging (3)
Scrolls
 b - a scroll of enchant armour
 h - a scroll of summoning
 j - a scroll of blinking {unknown}
 k - a scroll of noise {unknown}
 s - 4 scrolls of teleportation
 x - 2 scrolls of identify {unknown}
 B - a scroll of fog {unknown}
 G - a scroll of fear {unknown}
 K - a scroll of amnesia {unknown}
Potions
 l - 4 potions of attraction
 m - 3 potions of resistance {unknown}
 o - a potion of haste
 p - a potion of invisibility {unknown}
 r - a potion of heal wounds {unknown}
 u - a potion of brilliance {unknown}
 v - 5 potions of curing {unknown}
 D - a potion of experience {unknown}
 E - a potion of ambrosia {unknown}


   Skills:
 * Level 3.6 Fighting
 * Level 5.0 Axes
 * Level 2.8 Throwing
 * Level 2.0 Armour
 * Level 3.9 Dodging
 + Level 0.8 Stealth
 * Level 2.1 Shields


You had 6 spell levels left.
You didn't know any spells.
Your spell library contained the following spells:

 Spells                   Type           Power      Damage    Failure   Level
 Kindle Blastsparks       Fire/Tloc/Air  0%         2d10      82%         3
 Fulminant Prism          Conj/Hex       0%         3d5       99%         4
 Iskenderun's Mystic Bla  Conj/Tloc      0%         2d3       99%         4
 Lee's Rapid Deconstruct  Erth           0%         3d4*      100%        5


Dungeon Overview and Level Annotations

Branches:
Dungeon (4/15)
 Temple: D:4-7

Altars:
Cheibriados
Nemelex Xobeh
Okawaru
Uskayaw

Shops:
D:4 *

Annotations:
D:4 2 transporters, Duvessa


Innate Abilities, Weirdness & Mutations

You are mostly covered in large bone plates. (SH +6)
You sometimes gain a little power by taking damage.
You have a small tail.


Message History

Duvessa is lightly wounded.
Duvessa misses you.
You barely miss Duvessa.
You tail-slap Duvessa, but do no damage.
Duvessa is lightly wounded.
You block Duvessa's attack. Duvessa hits you but does no damage.
You hit Duvessa.
Your tail-slap misses Duvessa.
Duvessa is moderately wounded.
You block Duvessa's attack. Duvessa hits you with a +0 short sword.
You barely miss Duvessa.
Duvessa is moderately wounded.
Duvessa hits you with a +0 short sword. You block Duvessa's attack.
You hit Duvessa.
Your tail-slap misses Duvessa.
Duvessa is heavily wounded.
Duvessa looks more healthy.
Duvessa closely misses you. Duvessa hits you with a +0 short sword!
You hit Duvessa.
Duvessa is heavily wounded.
You block Duvessa's attack. Duvessa barely misses you.
You barely miss Duvessa. You punch Duvessa.
Duvessa is heavily wounded.
Duvessa hits you but does no damage. Duvessa misses you.
You slash Duvessa!
Duvessa is severely wounded.
Duvessa completely misses you.
You slash Duvessa!
Duvessa is almost dead.
You block Duvessa's attack. Duvessa hits you with a +0 short sword!
You barely miss Duvessa.
Duvessa is almost dead.
Duvessa hits you with a +0 short sword!
* * * LOW HITPOINT WARNING * * *
Duvessa hits you with a +0 short sword!
* * * LOW HITPOINT WARNING * * *
You focus on the pain.
You feel agile all of a sudden.
You slash Duvessa!
Your tail-slap misses Duvessa.
Duvessa is almost dead.
Duvessa hits you with a +0 short sword.
You die...

.# #.###.....###..#....#....)##.#
####.##..........................
....<......#....####.###>...####.
####.#.##.#...## #.#...........
#..#.##......#####...........##
###.#.....###.........#.#...>..#
................###..#.........#
........#######.###.....##.....#
.......## #...@e(....( ......#
.......# #...#...#.##.# ##.##.#
..................#
.....#.###..#####<# .......# #.#
.. ......##... #.. .# #.# ..


You could see Duvessa (berserk).

Vanquished Creatures
  Sigmund (D:2)
  Edmund (D:4)
  Pargi (D:3)
  Dowan (D:4)
  Jessica (D:3)
  Ijyb (D:3)
  Terence (D:3)
  Robin (D:4)
  4 adders (D:2)
  3 worms
  9 orcs
  6 endoplasms
  2 giant cockroaches (D:1)
  13 goblins
  6 hobgoblins
  2 jackals (D:1)
  4 quokkas
  7 ball pythons
  5 bats
  6 frilled lizards
  6 kobolds
  9 rats
90 creatures vanquished.

Notes
Turn   | Place    | Note
-------+----------+-------------------------------------------
     0 | D:1      | gelatine the Demonspawn Gladiator began the quest for the
                  | Orb.
     0 | D:1      | Reached XP level 1. HP: 16/16 MP: 1/1
    17 | D:1      | Found a faded altar of an unknown god.
   108 | D:1      | Gained mutation: You are partially covered in large bone
                  | plates. (SH +4) [demonic ancestry]
   108 | D:1      | Reached XP level 2. HP: 17/22 MP: 2/2
   207 | D:1      | Reached skill level 3 in Axes
   465 | D:1      | Gained mutation: You have a small tail. [demonic ancestry]
   465 | D:1      | Reached XP level 3. HP: 28/28 MP: 3/3
   991 | D:2      | Gained mutation: You sometimes gain a little power by
                  | taking damage. [demonic ancestry]
   991 | D:2      | Reached XP level 4. HP: 17/34 MP: 4/4
  1361 | D:2      | Noticed Sigmund
  1381 | D:2      | Killed Sigmund
  1382 | D:2      | Reached skill level 4 in Axes
  1382 | D:2      | Reached skill level 1 in Armour
  1382 | D:2      | Reached skill level 1 in Shields
  1382 | D:2      | Reached XP level 5. HP: 5/41 MP: 5/5
  1926 | D:3      | Noticed Pargi
  1932 | D:3      | Noticed a +0 hand axe
  1932 | D:3      | Noticed a +0 dagger
  1939 | D:3      | Killed Pargi
  1940 | D:3      | Gained mutation: You are mostly covered in large bone
                  | plates. (SH +6) [demonic ancestry]
  1940 | D:3      | Reached XP level 6. HP: 44/47 MP: 6/6
  1946 | D:3      | Found a hide-covered altar of Uskayaw.
  2041 | D:3      | Noticed Terence
  2056 | D:3      | Killed Terence
  2057 | D:3      | Noticed Ijyb
  2070 | D:3      | Paralysed by Ijyb for 4 turns
  2074 | D:3      | Killed Ijyb
  2203 | D:3      | Found a snail-covered altar of Cheibriados.
  2509 | D:3      | Noticed Jessica
  2516 | D:3      | Killed Jessica
  2592 | D:4      | Found Esizeama's Assorted Antiques.
  2599 | D:4      | Bought a cyan potion for 21 gold pieces
  2599 | D:4      | Bought a cyan potion for 21 gold pieces
  2605 | D:4      | Noticed Edmund
  2649 | D:4      | Noticed Dowan
  2650 | D:4      | Killed Edmund
  2651 | D:4      | Reached XP level 7. HP: 29/52 MP: 7/7
  2671 | D:4      | Killed Dowan
  2671 | D:4      | Noticed Duvessa
  2844 | D:4      | Noticed Robin
  2857 | D:4      | Killed Robin
  2858 | D:4      | Reached skill level 5 in Axes
  2878 | D:4      | Found a sparkling altar of Nemelex Xobeh.
  2912 | D:4      | Found an iron altar of Okawaru.
  2965 | D:4      | Noticed a yak
  2966 | D:4      | Found a transporter.
  2967 | D:4      | Found a transporter.
  3046 | D:4      | Slain by Duvessa

Illustrated notes

Levels and vault maps discovered:
D:1:      lightli_arrival_statuegarden, layout_basic, basic_ecumenical_altar
D:2:      layout_loops_ring, uniq_sigmund
D:3:      layout_loops_ring, nicolae_overflow_crystal_walls,
          dancing_weapons_uskayaw, kennysheep_jessica_study, uniq_terence,
          uniq_pargi, uniq_ijyb
D:4:      layout_rooms, nemelex_diamond_rough_becter,
          gammafunk_temple_overflow_arena, serial_shops,
          nicolae_shop_hallway_plus, grunt_decor_mini_mirrors, uniq_duvessa,
          uniq_robin, uniq_edmund

Skill      XL: |  1  2  3  4  5  6  7 |
---------------+----------------------+-----
Axes           | 3 4 5 |  5.0
Dodging        | 3 |  3.9
Throwing       | 2 |  2.8
Fighting       | 3 |  3.6
Armour         | 1 2 |  2.0
Shields        | 1 2 |  2.1
Stealth        | |  0.8

Action                     |  1- 3 |  4- 6 |  7- 9 || total
---------------------------+-------+-------+-------++-------
  Melee: War axe           |   103 |   121 |    47 ||   271
         Tailslap          |     4 |    12 |     5 ||    21
         Punch             |     1 |     1 |     1 ||     3
  Throw: Dart              |       |     8 |     3 ||    11
         Throwing net      |       |     5 |       ||     5
         Javelin           |       |     1 |       ||     1
    Use: Potion            |       |     3 |       ||     3
         Scroll            |       |     3 |       ||     3
   Stab: Sleeping          |     2 |       |       ||     2
         Held in net/web   |       |     1 |       ||     1
 Armour: Leather armour    |    44 |    21 |    18 ||    83
  Dodge: Dodged            |    87 |    49 |    29 ||   165
  Block: Other             |    47 |    57 |    38 ||   142
         Reflection        |       |     2 |     3 ||     5

Table legend: (Time is in decaauts)
 A = Elapsed time spent in this place.
 B = Non-inter-level travel time spent in this place.
 C = Inter-level travel time spent in this place.
 D = Time resting spent in this place.
 E = Time spent auto-exploring this place.
 F = Levels seen in this place.
 G = Mean time per level.
                   A        B        C        D        E       F      G
               +--------+--------+--------+--------+--------+-----+--------+
         Total |   3123 |   3048 |     75 |      0 |   2184 |   4 |  780.8 |
       Dungeon |   3123 |   3048 |     75 |      0 |   2184 |   4 |  780.8 |
               +--------+--------+--------+--------+--------+-----+--------+

Top non-repeatable levels by time:
     D:2: 1095 daAuts
     D:1: 838 daAuts
     D:3: 714 daAuts
     D:4: 475 daAuts
